 Dungeon Crawl Stone Soup version 0.30-a0-341-g682706514a (webtiles) character file.

Game seed: 8358650094253929470

4155 IdlyInterested the Spear-Bearer (level 10, -1/72 HPs)
             Began as a Demonspawn Gladiator on Oct 28, 2022.
             Was a Believer of Yredelemnul.
             Slain by an orc warrior
             ... wielding a +0 flail
              (8 damage)
             ... on level 9 of the Dungeon on Nov 1, 2022.
             The game lasted 00:29:21 (7529 turns).

IdlyInterested the Spear-Bearer (DsGl)              Turns: 7529, Time: 00:29:22

Health: -1/72      AC:  9    Str: 14    XL:     10   Next: 7%
Magic:  0/14       EV: 15    Int: 14    God:    Yredelemnul [**....]
Gold:   21         SH:  0    Dex: 15    Spells: 15/15 levels left

rFire   . . .      SeeInvis .    G - +5 halberd (vorpal)
rCold   + . .      Faith    .    (shield currently unavailable)
rNeg    . . .      Spirit   +    m - +3 ring mail {rPois}
rPois   +          Reflect  .    (helmet restricted)
rElec   .          Harm     .    (no cloak)
rCorr   .          Rampage  .    (no gloves)
Will    .....                    (no boots)
Stlth   +.........               (no amulet)
HPRegen 2.32/turn                B - +4 ring of evasion
MPRegen 0.28/turn                C - ring of protection from cold

@: no status effects
A: rugged brown scales 1, powered by death 2, magic shield, magic regeneration,
weakness stinger 2, antennae 1
a: Renounce Religion, Recall Undead Harvest, Dark Bargain


You were on level 9 of the Dungeon.
You worshipped Yredelemnul.
Yredelemnul was noncommittal.
You visited 2 branches of the dungeon, and saw 10 of its levels.

You collected 561 gold pieces.
You spent 540 gold pieces at shops.

Inventory:

Hand Weapons
 a - a +1 trident
 G - a +5 vorpal halberd (weapon)
Missiles
 d - 4 throwing nets
 e - 17 javelins
 y - 2 curare-tipped darts
 D - 5 poisoned darts
 H - 2 boomerangs of dispersal (quivered)
Armour
 h - a +2 helmet
 i - a +0 kite shield
 m - a +3 ring mail of poison resistance (worn)
 q - an orb of guile
 F - a +1 scale mail of cold resistance
Jewellery
 p - a ring of fire
 B - a +4 ring of evasion (left hand)
 C - a ring of protection from cold (right hand)
Wands
 l - a wand of flame (24)
 u - a wand of paralysis (9)
Scrolls
 b - 4 scrolls of magic mapping
 j - a scroll of butterflies
 k - 2 scrolls of fear
 s - 6 scrolls of poison
 v - 4 scrolls of teleportation
 E - a scroll of silence {unknown}
 I - a scroll of identify
Potions
 c - 2 potions of curing
 f - 2 potions of might
 g - 3 potions of lignification
 n - 2 potions of attraction
 o - a potion of ambrosia
 r - 2 potions of invisibility
 t - a potion of flight {unknown}
 w - a potion of magic
 x - 3 potions of haste
 z - a potion of heal wounds {unknown}
 A - 2 potions of mutation


   Skills:
 - Level 3.0 Fighting
 * Level 12.8 Polearms
 - Level 1.7 Throwing
 - Level 3.0 Dodging
 * Level 1.6 Stealth
 - Level 3.0 Spellcasting


You had 15 spell levels left.
You didn't know any spells.
Your spell library contained the following spells:

 Spells                   Type           Power      Damage    Failure   Level
 Magic Dart               Conj           8%         1d3       41%         1
 Necrotise                Necr           8%         1d4       41%         1
 Summon Small Mammal      Summ           8%         N/A       41%         1
 Call Imp                 Summ           2%         N/A       54%         2
 Searing Ray              Conj           4%         2d4       54%         2
 Call Canine Familiar     Summ           2%         N/A       78%         3
 Kindle Blastsparks       Fire/Tloc/Air  4%         2d10      78%         3
 Mephitic Cloud           Conj/Pois/Air  2%         N/A       78%         3
 Summon Guardian Golem    Hex/Summ       2%         N/A       78%         3
 Vampiric Draining        Necr           2%         2d6       78%         3
 Fulminant Prism          Conj/Hex       1%         3d5       99%         4
 Iskenderun's Mystic Bla  Conj/Tloc      2%         2d3       99%         4
 Agony                    Necr           2%         N/A       100%        5
 Lee's Rapid Deconstruct  Erth           1%         3d4*      100%        5


Dungeon Overview and Level Annotations

Branches:
Dungeon (9/15)             Temple (1/1) D:7
   Lair: D:8-11         Orc: D:9-12

Altars:
Ashenzari
Cheibriados
Gozag
Hepliaklqana
Kikubaaqudgha
Nemelex Xobeh
Okawaru
Qazlal
Ru
Sif Muna
Trog
Uskayaw
Vehumet
Xom
Yredelemnul

Shops:
D:8 *((


Innate Abilities, Weirdness & Mutations

You are partially covered in rugged brown scales. (AC +1, +3% HP)
You regenerate health from kills.
When hurt, damage is shared between your health and your magic reserves.
You regenerate magic rapidly.
You have a tail ending in a sharp stinger.
You have a pair of small antennae on your head.


Message History

Your steam dragon zombie bites the orc.
Your steam dragon zombie barely misses the orc.
Reach: G) +5 halberd (vorpal)
Press: ? - help, Dir - move target, f - orc
Aim: an orc, wielding a +0 morningstar and wearing a +4 ring mail (not watching you, about 31% to evade your +5 vorpal halberd)
You could not reach far enough!
The orc warrior hits you but does no damage.
The orc hits your gnoll sergeant zombie with a +0 morningstar.
The orc hits your steam dragon zombie but does no damage.
Your gnoll sergeant zombie hits the orc but does no damage.
Reach: G) +5 halberd (vorpal)
Press: ? - help, Dir - move target, f/p - orc
Aim: an orc, wielding a +0 morningstar and wearing a +4 ring mail (not watching you, about 31% to evade your +5 vorpal halberd)
You could not reach far enough!
Your gnoll zombie hits the orc warrior but does no damage.
The orc hits you but does no damage.
The orc warrior hits you with a +0 flail!
* * * LOW HITPOINT WARNING * * *
The orc hits your steam dragon zombie with a +0 morningstar.
The orc hits your steam dragon zombie with a +0 club.
Your steam dragon zombie bites the orc!
The orc dies!
You puncture the orc!
You kill the orc!
The dead are walking!
You can now trade souls for undead servants.
The orc warrior hits you with a +0 flail!
* * * LOW HITPOINT WARNING * * *
The orc hits your orc priest zombie with a +0 club.
Your gnoll zombie hits the orc warrior but does no damage.
Your steam dragon zombie bites the orc warrior.
Your steam dragon zombie claws the orc warrior but does no damage.
Your orc priest zombie barely misses the orc.
You barely miss the orc warrior.
You tail-slap the orc warrior, but do no damage.
The orc warrior is moderately wounded.
Your gnoll sergeant zombie hits the orc warrior but does no damage.
The orc warrior hits you with a +0 flail!
You die...
Your body rises from the dead as a mindless zombie.

......# #......>.)..#
###.Z))<..# # ###)#####
#. #..# ... #Z##
....##### #.#
........#########'######
.....ZZZ'.....#{Z......#
.....oo@#####.'........#
......Z)# ###........#
........# #........#
.......Z# #........#
##......# #........#
#..#'### ##+#######
....#. ... #. ..


You could see an orc warrior (ally target), an orc (ally target), a friendly
steam dragon zombie, a friendly gnoll zombie, a friendly gnoll sergeant zombie,
a friendly orc zombie and a friendly orc priest zombie.

Vanquished Creatures
  A wyvern (D:8)
  3 yaks (D:8)
  2 steam dragons
  A water moccasin (D:5)
  2 black bears (D:7)
  An ice beast (D:6)
  2 ogres
  A centaur (D:6)
  A phantom (D:5)
  A necrophage (D:6)
  5 bullfrogs
  5 scorpions
  8 killer bees
  2 howler monkeys (D:7)
  2 hounds
  2 bullfrog zombies (D:6)
  A centaur zombie (D:6)
  A gnoll bouda (D:5)
  3 orc priests
  2 iguanas (D:5)
  3 orc wizards
  2 killer bee zombies (D:6)
  A mummy (D:4)
  A howler monkey zombie (D:6)
  7 gnolls
  8 adders
  An ufetubus (D:5)
  A worm (D:3)
  A dart slug (D:3)
  12 orcs
  6 ball pythons
  8 endoplasms
  A giant cockroach (D:3)
  8 goblins
  5 hobgoblins
  4 jackals (D:4)
  5 quokkas
  3 bats
  5 frilled lizards
  7 kobolds
  2 rats
137 creatures vanquished.

Vanquished Creatures (collateral kills)
  The ghost of Muataran the Fighter, a novice OgBe of Trog (D:7)
  A sky beast (D:8)
  A gnoll sergeant (D:9)
  2 killer bees (D:7)
  An orc priest (D:9)
  2 gnolls (D:9)
  2 orcs
10 creatures vanquished.

Vanquished Creatures (others)
  A wyvern zombie (D:8)
  2 killer bee zombies (D:7)
  2 howler monkey zombies (D:7)
  5 orc zombies
  5 plants (D:7)
15 creatures vanquished.

Grand Total: 162 creatures vanquished

Notes
Turn   | Place    | Note
-------+----------+-------------------------------------------
     0 | D:1      | IdlyInterested the Demonspawn Gladiator began the quest for
                  | the Orb.
     0 | D:1      | Reached XP level 1. HP: 16/16 MP: 1/1
   187 | D:1      | Reached skill level 3 in Polearms
   211 | D:1      | Gained mutation: You have a small tail. [demonic ancestry]
   211 | D:1      | Reached XP level 2. HP: 16/22 MP: 2/2
   762 | D:2      | Reached XP level 3. HP: 17/27 MP: 3/3
  1291 | D:3      | Reached skill level 4 in Polearms
  1352 | D:3      | You fall into a shaft and drop 1 floor!
  1400 | D:3      | Gained mutation: You have a tail ending in a sharp stinger.
                  | [demonic ancestry]
  1400 | D:3      | Reached XP level 4. HP: 33/33 MP: 4/4
  1759 | D:3      | Found a faded altar of an unknown god.
  1941 | D:4      | Noticed a scorpion
  1959 | D:4      | Killed a scorpion
  1960 | D:4      | Reached skill level 5 in Polearms
  1960 | D:4      | Gained mutation: You regenerate magic rapidly. [demonic
                  | ancestry]
  1960 | D:4      | Reached XP level 5. HP: 27/39 MP: 5/5
  2233 | D:4      | Found an ancient bone altar of Kikubaaqudgha.
  2498 | D:4      | Found a snail-covered altar of Cheibriados.
  2760 | D:5      | Entered Level 5 of the Dungeon
  2796 | D:5      | Gained mutation: When hurt, damage is shared between your
                  | health and your magic reserves. [demonic ancestry]
  2796 | D:5      | Reached XP level 6. HP: 42/46 MP: 6/6
  2880 | D:5      | Reached skill level 6 in Polearms
  3016 | D:5      | Found a sacrificial altar of Ru.
  3182 | D:5      | Gained mutation: You regenerate a little health from kills.
                  | [demonic ancestry]
  3182 | D:5      | Reached XP level 7. HP: 28/52 MP: 4/7
  3188 | D:5      | Reached skill level 7 in Polearms
  3347 | D:5      | Found a hide-covered altar of Uskayaw.
  3956 | D:5      | Upgraded the game from 0.30-a0-329-g85436e0a43 to
                  | 0.30-a0-341-g682706514a
  4217 | D:6      | Reached skill level 8 in Polearms
  4270 | D:6      | Found a basalt altar of Yredelemnul.
  4281 | D:6      | Reached skill level 1 in Spellcasting
  4284 | D:6      | Became a worshipper of Yredelemnul the Dark
  4313 | D:6      | Gained mutation: You regenerate health from kills. [demonic
                  | ancestry]
  4313 | D:6      | Reached XP level 8. HP: 38/58 MP: 9/9
  4635 | D:6      | Found a stormy altar of Qazlal.
  4747 | D:6      | Reached skill level 9 in Polearms
  4848 | D:6      | Found a broken altar of Ashenzari.
  5138 | D:7      | Found a hazy altar of Hepliaklqana.
  5220 | D:7      | Found a staircase to the Ecumenical Temple.
  5252 | D:7      | Reached skill level 10 in Polearms
  5255 | D:7      | Reached * piety under Yredelemnul
  5454 | D:7      | Found a runed translucent gate.
  5454 | D:7      | Noticed Muataran's ghost (novice OgBe)
  5455 | D:7      | Found a runed translucent gate.
  5465 | D:7      | Reached XP level 9. HP: 35/63 MP: 9/12
  5473 | D:7      | Reached ** piety under Yredelemnul
  5475 | D:7      | Found a runed translucent gate.
  5489 | D:7      | Killed Muataran's ghost
  5490 | D:7      | Reached skill level 11 in Polearms
  5547 | D:7      | Found a radiant altar of Vehumet.
  5862 | D:7      | Found a sparkling altar of Nemelex Xobeh.
  5921 | Temple   | Entered the Ecumenical Temple
  5981 | D:6      | Gained mutation: You have a pair of small antennae on your
                  | head. [potion of mutation]
  6376 | D:8      | Found Jusur's Assorted Antiques.
  6426 | D:8      | Found Huph's Weapon Boutique.
  6646 | D:8      | Reached skill level 12 in Polearms
  6665 | D:8      | Reached skill level 1 in Stealth
  6899 | D:8      | Found Pulunuam's Weapon Boutique.
  7025 | D:8      | Found an opulent altar of Gozag.
  7246 | D:8      | Bought a +5 vorpal halberd for 495 gold pieces
  7246 | D:8      | Bought 2 boomerangs of dispersal for 45 gold pieces
  7309 | D:9      | Gained mutation: You are partially covered in rugged brown
                  | scales. (AC +1, +3% HP) [demonic ancestry]
  7309 | D:9      | Reached XP level 10. HP: 61/72 MP: 14/14
  7520 | D:9      | HP: 3/72 [orc warrior/+0 flail (6)]
  7529 | D:9      | Slain by an orc warrior

Illustrated notes

Levels and vault maps discovered:
D:1:      dpeg_arrival_shrine, layout_rooms
D:2:      layout_rooms, minmay_pentomino_r4
D:3:      layout_rooms, hellmonk_ecumenical_altar_pennies_from_heaven,
          hangedman_decor_clover_reticule
D:4:      layout_basic, kiku_gazebo_garden_becter, slow_altar_1
D:5:      layout_basic, mainiacjoe_overflow_small_starburst,
          mainiacjoe_overflow_concentric_impassable, kennysheep_cross_room
D:6:      layout_rooms, nicolae_yredelemnul_corpse_copse,
          mainiacjoe_overflow_boulevard, kennysheep_mini_moat, hex_intersection
D:7:      layout_loops_ring, nicolae_hepliaklqana_hazy_memory,
          mainiacjoe_overflow_cross_hatched, nemelex_diamond_rough_becter,
          minmay_temple_entry_stoned_glass, ebering_ghost_rock_garden
D:8:      layout_loops_corners, nicolae_gozag_cash_rules_everything_around_me,
          serial_shops, shop, nicolae_shop_overgrown_old_shop, shop
D:9:      layout_roguey, mainiacjoe_overflow_alcove_1, erik_orc_4
Temple:   nicolae_temple_little_seven

Skill      XL: |  1  2  3  4  5  6  7  8  9 |
---------------+----------------------------+-----
Polearms       | 3 4 5 6 8 10 12 | 12.8
Dodging        | 3 |  3.0
Fighting       | 3 |  3.0
Spellcasting   | 1 2 3 |  3.0
Stealth        | 1 |  1.6
Throwing       | |  1.7

Action                   |  1- 3 |  4- 6 |  7- 9 | 10-12 || total
-------------------------+-------+-------+-------+-------++-------
Melee: Trident           |   109 |   182 |   389 |       ||   680
       Tailslap          |    10 |    23 |    54 |     4 ||    91
       Halberd           |       |       |     4 |    22 ||    26
Invok: Recall Undead Har |       |       |     1 |       ||     1
  Use: Scroll            |     8 |     3 |     7 |       ||    18
       Potion            |     1 |     2 |     1 |     2 ||     6
 Stab: Distracted        |       |       |     2 |       ||     2
Armor: Leather armour    |    10 |       |       |       ||    10
       Ring mail         |    34 |    86 |   167 |    14 ||   301
Dodge: Dodged            |    57 |    91 |   179 |    41 ||   368
Block: Kite shield       |    28 |    82 |   131 |       ||   241

Table legend: (Time is in decaauts)
 A = Elapsed time spent in this place.
 B = Non-inter-level travel time spent in this place.
 C = Inter-level travel time spent in this place.
 D = Time resting spent in this place.
 E = Time spent auto-exploring this place.
 F = Levels seen in this place.
 G = Mean time per level.
                   A        B        C        D        E       F      G
               +--------+--------+--------+--------+--------+-----+--------+
         Total |   7614 |   6615 |    999 |    325 |   4341 |  10 |  761.4 |
       Dungeon |   7574 |   6581 |    993 |    325 |   4308 |   9 |  841.6 |
        Temple |     40 |     34 |      6 |      0 |     33 |   1 |   40.0 |
               +--------+--------+--------+--------+--------+-----+--------+

Top non-repeatable levels by time:
     D:5: 1364 daAuts
     D:8: 1235 daAuts
     D:4: 1009 daAuts
     D:6: 981 daAuts
     D:7: 905 daAuts
     D:1: 723 daAuts
     D:2: 607 daAuts
     D:3: 584 daAuts
     D:9: 163 daAuts
  Temple: 40 daAuts
